 Dungeon Crawl Stone Soup version 0.32-a0-468-g38b2580584 (webtiles) character file.

Game seed: 16872815987842906993

1 Esekla the Sneak (level 1, -8/16 HPs)
             Began as an Octopode Delver on Feb 25, 2024.
             Mangled by a yak (14 damage)
             ... on level 5 of the Dungeon.
             The game lasted 00:05:16 (301 turns).

Esekla the Sneak (Octopode Delver)                   Turns: 301, Time: 00:05:17

Health: -8/16      AC:  1    Str: 11    XL:     1   Next: 20%
Magic:  1/1        EV: 13    Int: 12    God:
Gold:   16         SH:  0    Dex: 13    Spells: 0/0 levels left

rFire   . . .        a - +0 falchion
rCold   . . .        (no shield)
rNeg    . . .        (helmet restricted)
rPois   .            (no amulet)
rElec   .            (no ring)
rCorr   .            (no ring)
SInv    .            (no ring)
Will    .....        (no ring)
Stlth   ++++         (no ring)
HPRegen 0.22/turn    (no ring)
MPRegen 0.07/turn    (no ring)
                     (no ring)

%: no passive effects
@: no status effects
A: almost no armour, amphibious, 8 rings, camouflage 1, gelatinous body 1,
(nimble swimmer 1), tentacles
a: no special abilities


You were on level 5 of the Dungeon.
You visited 1 branch of the dungeon, and saw 1 of its levels.

You collected 16 gold pieces.

Inventory:

Hand Weapons
 a - a +0 falchion (weapon)
Wands
 f - a wand of digging (3)
 g - a wand of mindburst (17)
Scrolls
 b - a scroll of fog
 c - a scroll of revelation
 d - a scroll of fear
 e - 2 scrolls of immolation {unknown}
 h - a scroll of teleportation {unknown}


   Skills:
 + Level 3.0 Fighting
 + Level 2.0 Long Blades
 + Level 2.0 Dodging
 + Level 6.7 Stealth


You couldn't memorise any spells.
You didn't know any spells.
Your spell library was empty.

Dungeon Overview and Level Annotations

Branches:
Dungeon (5/15)
 Temple: D:4-7

Altars:
Ashenzari

Shops:
D:5 :


Innate Abilities, Weirdness & Mutations

You cannot wear most types of armour.
You are amphibious.
You can wear up to eight rings at the same time.
Your skin changes colour to match your surroundings (Stealth+).
Your rubbery body absorbs attacks. (AC +1, EV +1)
((You are camouflaged when in or above water. (Stealth+)))
You have tentacles for arms and can constrict up to eight enemies at once.


Message History

Reactivating autopickup.
There is a large open door here.
The orc shouts!
The sky beast flickers out of sight!
Deactivating autopickup; reactivate with Ctrl-A.
The sleepcap attacks as it pursues you! The sleepcap barely misses you.
The sleepcap misses you.
You see here a serpent talisman.
You see here a +0 ring mail.
As you open the large door, it creaks loudly!
There is a large open door here.
Found Laqevyji's Book Shop.
You close the large door.
Your extra speed is starting to run out.
There is an entrance to Laqevyji's Book Shop here.
You can access your shopping list by pressing '$'.
Your library has no spells.
Unknown command.
Found 4 gold pieces.
You feel yourself slow down.
You see here 4 gold pieces.
You see here 4 gold pieces.
You now have 16 gold pieces (gained 4).
Autopickup is now on.
Found a stone staircase leading down.
Found a chain mail.
You open the door. 3 yaks come into view.
The yak bellows! x2; You hear a bellow! x2
A yak comes into view. x2
The yak bellows! x2
A yak comes into view.
There is an open door here.
Okay, then.
The yak closely misses you. The yak attacks as it pursues you!
The yak gores you!
Ouch! That really hurt!
The yak gores you!
Ouch! That really hurt!
You die...

*,#.# *,,,,,+§.#
**,#.##########
*,,,,,#≈o#
*,,#..........#
*,,,,,#≈..
*,*##########.#
*****+#≈≈§ *,* #.####
*,#### *,* #....#
*,,,,,
*,*****#########.#
*,****
*,,,,,,.......##'#####
*,*
************#.@Y.Y...#
*,*
###YYY...#****,****
#.Y.......,,,,,,,
##.#######**,****
#..,,,,,,,,,*
####*********


You could see 6 yaks.

Vanquished Creatures
  A quokka (D:5)
1 creature vanquished.

Notes
Turn   | Place    | Note
-------+----------+-------------------------------------------
     0 | D:5      | Esekla the Octopode Delver began the quest for the Orb.
     0 | D:5      | Reached XP level 1. HP: 16/16 MP: 1/1
    53 | D:5      | Noticed a sleepcap
    62 | D:5      | Noticed a scorpion
   109 | D:5      | Noticed a sky beast
   109 | D:5      | Noticed a phantom
   145 | D:5      | Found a broken altar of Ashenzari.
   221 | D:5      | Noticed a bombardier beetle
   227 | D:5      | Noticed a sleepcap
   243 | D:5      | Found Laqevyji's Book Shop.
   298 | D:5      | Noticed a yak
   298 | D:5      | Noticed a yak
   298 | D:5      | Noticed a yak
   298 | D:5      | Noticed a yak
   298 | D:5      | Noticed a yak
   299 | D:5      | Noticed a yak
   301 | D:5      | Mangled by a yak

Illustrated notes

Levels and vault maps discovered:
D:5:      layout_basic, mainiacjoe_overflow_concentric_impassable, serial_shops,
          shop, shop, dk_noncrumbling_4, grunt_decor_mini_mirrors,
          kennysheep_generic_room_7

Action                     || total
---------------------------++-------
  Melee: Falchion          ||     5
         Constrict         ||     1
         Tentacles         ||     1
    Use: Scroll            ||     1
         Potion            ||     1
 Armour: Skin              ||     6
  Dodge: Dodged            ||     6

Table legend: (Time is in decaauts)
 A = Elapsed time spent in this place.
 B = Non-inter-level travel time spent in this place.
 C = Inter-level travel time spent in this place.
 D = Time resting spent in this place.
 E = Time spent auto-exploring this place.
 F = Levels seen in this place.
 G = Mean time per level.
                   A        B        C        D        E       F      G
               +--------+--------+--------+--------+--------+-----+--------+
         Total |    286 |    286 |      0 |     17 |      0 |   1 |  286.0 |
       Dungeon |    286 |    286 |      0 |     17 |      0 |   1 |  286.0 |
               +--------+--------+--------+--------+--------+-----+--------+

Top non-repeatable levels by time:
     D:5: 286 daAuts
